Description

The game took place on Dobro's stream https://youtu.be/xzDMhPe_vE0?t=1217

PvT

Replay - 03-01_PvT_2robo_4e_delat_-_sosat

Build Order

Get SALT Encoding   

  14  0:17  Pylon (Chrono Boost)  Буст в экономику
  15  0:29  Assimilator  Ставиться до гейта 15 пробкой. На 16 пробке буст в экономику
  17  0:43  Gateway  Наполняем газ после 16 пробок
  20  1:23  Nexus  Остановка производства пробок. Пробка идет делать прокси
  20  1:30  Cybernetics Core  После постановке кибернетки начинаем строить пробки
  21  1:40  Assimilator  
  21  1:46  Pylon  Делается в прокси
  23  2:08  Adept (Chrono Boost)  Отбивается от рипера, дальше идет на разведку и может харасить.
  25  2:09  Robotics Facility  Делается в прокси
  27  2:22  Robotics Facility  Делается в прокси, пробка прячется рядом
  27  2:34  Stalker  Остается на базе
  31  2:47  Warp Gate  Останавливаем производство пробок, на 2 нексусе их должно быть 5 шт.
  31  2:59  Immortal (Chrono Boost)  
  33  3:13  Warp Prism  
  37  3:28  Immortal (Chrono Boost)  
  39  3:50  Gateway x2  На хайграунде, На хайграунде
  39  3:53  Observer  Берется в помощь от минок
  40  3:59  Pylon x2  На хайграунде, На хайграунде
  40  4:15  Immortal  
Spawning Tool Build Advisor. Get it on Overwolf

Go to:

Details

  • Created by: adv
  • Published on: Jan 03, 2021
  • Modified on: Jan 04, 2021
  • Patch: 4.11.0
  • Difficulty: Medium
Show
View Real Time Build Order
Export as new Build Order

Comments (0)

There are no comments. Be the first!

Create an account to comment!